 Dungeon Crawl Stone Soup version 0.26-a0-591-g04f19ec95a (webtiles) character file.

Game seed: 7232107670120623729

16708 Gargoyl the Fighter (level 12, -21/97 HPs)
             Began as a Gnoll Abyssal Knight on Aug 22, 2020.
             Was a High Priest of Lugonu.
             Demolished by a six-headed hydra simulacrum (33 damage)
             ... on level 3 of the Lair of Beasts on Aug 24, 2020.
             The game lasted 00:20:28 (13325 turns).

Gargoyl the Fighter (Gnoll Abyssal Knight)         Turns: 13325, Time: 00:20:30

Health: -21/97     AC: 23    Str: 18    XL:     12   Next: 40%
Magic:  0/22       EV: 12    Int: 15    God:    Lugonu [*****.]
Gold:   713        SH:  6    Dex: 16    Spells: 25/25 levels left

rFire    . . .     SeeInvis .   d - +5 short sword (elec)
rCold    . . .     Faith    .   r - +0 buckler
rNeg     . . .     Spirit   +   c - +5 chain mail (curse)
rPois    .         Reflect  .   u - +2 helmet
rElec    .         Harm     .   (no cloak)
rCorr    .                      (no gloves)
MR       +....                  (no boots)
Stlth    +.........             t - amulet of guardian spirit
HPRegen  0.26/turn              e - ring of protection from magic
MPRegen  0.18/turn              (no ring)

@: no status effects
A: distributed training, claws 1, fangs 1, molten scales 1, yellow scales 1,
MP-powered wands, strong nose
a: Depart the Abyss, Bend Space, Banish, Corrupt, Enter the Abyss, Renounce
Religion


You were on level 3 of the Lair of Beasts.
You worshipped Lugonu.
Lugonu was extremely pleased with you.
You visited 2 branches of the dungeon, and saw 12 of its levels.
You visited the Abyss 1 time.

You collected 713 gold pieces.

Inventory:

Hand Weapons
 a - a +2 hand axe
 d - a +5 short sword of electrocution (weapon)
Missiles
 C - 5 silver javelins
 F - 8 boomerangs (quivered)
Armour
 c - a cursed +5 chain mail (worn)
 r - a +0 buckler (worn)
 u - a +2 helmet (worn)
Jewellery
 e - a ring of protection from magic (left claw)
 t - an amulet of guardian spirit (around neck)
Wands
 b - a wand of digging (8)
 s - a wand of polymorph (38)
 x - a wand of iceblast (24)
 B - a wand of acid (7)
 G - a wand of paralysis (14)
Scrolls
 h - 8 scrolls of teleportation
 o - 6 scrolls of remove curse
 q - a scroll of identify
 v - 4 scrolls of fear
 y - a scroll of magic mapping
Potions
 f - 2 potions of cancellation
 g - 2 potions of invisibility
 i - 2 potions of magic
 j - 3 potions of degeneration {unknown}
 k - 7 potions of curing
 l - 2 potions of stabbing {unknown}
 m - 2 potions of flight {unknown}
 n - a potion of mutation
 p - 3 potions of might
 w - a potion of heal wounds {unknown}
 z - a potion of berserk rage {unknown}
 A - a potion of lignification {unknown}
 E - a potion of resistance {unknown}
 H - 2 potions of haste {unknown}


   Skills:
 + Level 9.8 Fighting
 + Level 7.2 Short Blades
 + Level 7.2 Long Blades
 + Level 8.7 Axes
 + Level 7.2 Maces & Flails
 + Level 7.2 Polearms
 + Level 7.2 Staves
 + Level 7.2 Slings
 + Level 7.2 Bows
 + Level 7.2 Crossbows
 + Level 7.2 Throwing
 + Level 8.7 Armour
 + Level 7.7 Dodging
 + Level 7.2 Stealth
 + Level 7.2 Shields
 + Level 7.2 Unarmed Combat
 + Level 7.2 Spellcasting
 + Level 6.0 Conjurations
 + Level 6.0 Hexes
 + Level 6.0 Summonings
 + Level 6.0 Necromancy
 + Level 6.0 Translocations
 + Level 6.0 Transmutations
 + Level 6.0 Fire Magic
 + Level 6.0 Ice Magic
 + Level 6.0 Air Magic
 + Level 6.0 Earth Magic
 + Level 6.0 Poison Magic
 + Level 9.2 Invocations
 + Level 7.2 Evocations


You had 25 spell levels left.
You didn't know any spells.
Your spell library contained the following spells:

 Spells                   Type           Power        Failure   Level
 Corona                   Hex            ###....      10%         1
 Magic Dart               Conj           ###.         10%         1
 Ensorcelled Hibernation  Hex/Ice        ###...       16%         2
 Searing Ray              Conj           ###...       16%         2
 Confusing Touch          Hex            ###.....     30%         3
 Dazzling Flash           Conj/Hex       ###...       30%         3
 Tukima's Dance           Hex            ###.....     30%         3
 Fulminant Prism          Conj/Hex       ###.......   69%         4
 Iskenderun's Mystic Bla  Conj/Tloc      ###.....     69%         4


Dungeon Overview and Level Annotations

Branches:
Dungeon (9/15)             Temple (0/1) D:6            Lair (3/6) D:9
  Swamp (0/4) Lair:3
  Snake: Lair:2-4    Spider: Lair:2-4       Orc: D:9-12

Altars:
Ashenzari
Elyvilon
Fedhas
Gozag
Makhleb
Okawaru
Qazlal
Sif Muna
Uskayaw
Vehumet
Wu Jian
Xom
Yredelemnul
Zin

Shops:
D:3 *   D:6 [   D:7 !

Annotations:
Lair:2 exclusion: oklob plant
Lair:3 Fyemolisk's ghost, journeyman KoGl


Innate Abilities, Weirdness & Mutations

Your experience applies equally to all skills.
You have very sharp teeth.
Your uncanny sense of smell can sniff out nearby items.
You have sharp fingernails.
You are partially covered in molten scales. (AC +2)
You are partially covered in yellow scales. (AC +2)
You expend magic power (3 MP) to strengthen your wands.


Message History

You block the five-headed hydra simulacrum's attack.
You puncture the five-headed hydra simulacrum!
The five-headed hydra simulacrum vapourises!
Lugonu accepts your kill.
You hit the six-headed hydra simulacrum.
The six-headed hydra simulacrum is lightly damaged.
You puncture the six-headed hydra simulacrum!
The six-headed hydra simulacrum is moderately damaged.
The six-headed hydra simulacrum bites you.
The six-headed hydra simulacrum freezes you!!
The six-headed hydra simulacrum closely misses you.
The six-headed hydra simulacrum bites you!
The six-headed hydra simulacrum freezes you!
The six-headed hydra simulacrum bites you.
The six-headed hydra simulacrum freezes you!!
* * * LOW HITPOINT WARNING * * *
The six-headed hydra simulacrum bites you.
* * * LOW HITPOINT WARNING * * *
The six-headed hydra simulacrum freezes you!!!
You die...

#.....######..<......####...
##.....## #........## #P#.
#......P# #........# ####
####).### #.###...## ##
####.#.### ##.#.....# #.
##........#######....§§# ##
#.#P......#..........§§########
##...(.#.#..WZ#.#(...§§§§#P##..
#..##.#.#...#@##.....§§§§§##..
#.......Z.#####P......§§§.§..P
#.....Z.### ##.......P§#.§#..
##.#.P...# #.#.....####§§+..
#....#.#.## #.......# ##.#..
##......Z.# ###.+#..# ###.#
##..###W.# ##.#### ###
#...#.#.#### #...# ####.
#.......#..## #...# #.##.


You could see Fyemolisk's ghost and a six-headed hydra simulacrum.

Vanquished Creatures
  A hydra (D:9)
  2 two-headed ogres (D:8)
  A catoblepas (Lair:2)
  Urug (Lair:3)
  A spectral catoblepas (Lair:3)
  Pikel (D:3)
  4 cane toads
  A komodo dragon (Lair:2)
  Grinder (D:4)
  7 blink frogs
  A spectral dream sheep (Lair:3)
  Sigmund (D:3)
  3 yaks (D:9)
  A basilisk (Lair:1)
  4 wargs
  3 insubstantial wisps (Lair:3)
  2 hydra simulacra (Lair:3)
  12 water moccasins
  The ghost of oberejnoburuli the Digger, an amateur OpEE (D:3)
  2 phantoms (D:5)
  7 porcupines
  A swamp drake (Lair:1)
  2 ice beasts (D:6)
  3 sky beasts
  A black bear (D:9)
  3 orc warriors
  9 wolves
  3 ogres
  3 centaurs
  A lemure (D:3)
  7 crocodiles
  A big kobold (D:6)
  6 bullfrogs
  A water moccasin zombie (D:6)
  7 killer bees
  8 wights
  3 howler monkeys
  2 bullfrog zombies
  3 jellies
  10 orc priests
  2 bullfrog skeletons (D:7)
  6 hounds
  3 iron imps (D:6)
  Jessica (D:3)
  3 iguanas (D:8)
  5 orc wizards
  Natasha (twice) (D:2)
  4 worker ants
  2 hound zombies
  A hound skeleton (D:4)
  Robin (D:3)
  A howler monkey skeleton (D:9)
  3 worker ant zombies
  3 gnolls (D:9)
  10 adders
  7 river rats (D:5)
  4 white imps
  3 ufetubi
  2 oozes (D:2)
  An adder skeleton (D:6)
  3 adder zombies
  2 worms
  3 dart slugs
  9 leopard geckos
  28 orcs
  4 bats
  3 giant cockroaches
  10 goblins
  8 hobgoblins
  8 jackals
  8 kobolds
  9 quokkas
  2 frilled lizards
  2 leopard gecko skeletons
  A quokka skeleton (D:4)
  23 rats
  A plant (Lair:1)
319 creatures vanquished.

Vanquished Creatures (collateral kills)
  An adder skeleton (D:5)
1 creature vanquished.

Vanquished Creatures (others)
  10 fungi
  12 plants
22 creatures vanquished.

Grand Total: 342 creatures vanquished

Notes
Turn   | Place    | Note
-------+----------+-------------------------------------------
     0 | Abyss:1  | Gargoyl the Gnoll Abyssal Knight began the quest for the
                  | Orb.
     0 | Abyss:1  | Reached XP level 1. HP: 23/23 MP: 3/3
     4 | Abyss:2  | Found a corrupted altar of Lugonu.
    21 | Abyss:2  | Gained mutation: You are partially covered in yellow
                  | scales. (AC +2) [potion of mutation]
    21 | Abyss:2  | Gained mutation: You have sharp fingernails. [potion of
                  | mutation]
    21 | Abyss:2  | Gained mutation: You expend magic power (3 MP) to
                  | strengthen your wands. [potion of mutation]
    21 | Abyss:2  | Gained mutation: You are partially covered in molten
                  | scales. (AC +2) [potion of mutation]
    37 | Abyss:2  | Noticed a thrashing horror
    43 | D:1      | Escaped the Abyss
   195 | D:1      | Reached * piety under Lugonu
   273 | D:1      | Reached XP level 2. HP: 29/29 MP: 5/5
   740 | D:2      | Reached XP level 3. HP: 26/35 MP: 6/6
   835 | D:2      | Found a shimmering blue altar of Sif Muna.
   922 | D:2      | Found a shattered altar of Ashenzari.
  1058 | D:2      | Noticed Natasha
  1059 | D:2      | Killed Natasha
  1059 | D:2      | Reached skill level 1 in Short Blades
  1059 | D:2      | Reached skill level 1 in Long Blades
  1059 | D:2      | Reached skill level 1 in Maces & Flails
  1059 | D:2      | Reached skill level 1 in Polearms
  1059 | D:2      | Reached skill level 1 in Staves
  1059 | D:2      | Reached skill level 1 in Slings
  1059 | D:2      | Reached skill level 1 in Bows
  1059 | D:2      | Reached skill level 1 in Crossbows
  1059 | D:2      | Reached skill level 1 in Throwing
  1059 | D:2      | Reached skill level 1 in Stealth
  1059 | D:2      | Reached skill level 1 in Shields
  1059 | D:2      | Reached skill level 1 in Unarmed Combat
  1059 | D:2      | Reached skill level 1 in Spellcasting
  1059 | D:2      | Reached skill level 1 in Evocations
  1059 | D:2      | Reached XP level 4. HP: 41/41 MP: 7/7
  1512 | D:2      | Reached skill level 1 in Conjurations
  1512 | D:2      | Reached skill level 1 in Hexes
  1512 | D:2      | Reached skill level 1 in Summonings
  1512 | D:2      | Reached skill level 1 in Necromancy
  1512 | D:2      | Reached skill level 1 in Translocations
  1512 | D:2      | Reached skill level 1 in Transmutations
  1512 | D:2      | Reached skill level 1 in Fire Magic
  1512 | D:2      | Reached skill level 1 in Ice Magic
  1512 | D:2      | Reached skill level 1 in Air Magic
  1512 | D:2      | Reached skill level 1 in Earth Magic
  1512 | D:2      | Reached skill level 1 in Poison Magic
  1521 | D:2      | Noticed Natasha
  1609 | D:2      | Killed Natasha
  1609 | D:2      | Reached XP level 5. HP: 17/47 MP: 8/8
  2098 | D:3      | Found Zin's Purification Station.
  2117 | D:3      | Found a glowing silver altar of Zin.
  2417 | D:3      | Noticed Sigmund
  2431 | D:3      | Killed Sigmund
  2431 | D:3      | Reached skill level 5 in Axes
  2431 | D:3      | Reached skill level 5 in Armour
  2431 | D:3      | Reached skill level 5 in Invocations
  2431 | D:3      | Reached XP level 6. HP: 50/53 MP: 9/9
  2514 | D:3      | Noticed Jessica
  2519 | D:3      | Killed Jessica
  2526 | D:3      | Found a stormy altar of Qazlal.
  2530 | D:3      | Reached ** piety under Lugonu
  2681 | D:3      | Noticed Robin
  2687 | D:3      | Killed Robin
  2889 | D:3      | Found a runed translucent door.
  2889 | D:3      | Noticed oberejnoburuli's ghost (amateur OpEE)
  2898 | D:3      | Killed oberejnoburuli's ghost
  2898 | D:3      | Reached XP level 7. HP: 10/60 MP: 10/10
  3185 | D:4      | Noticed Pikel
  3211 | D:3      | Killed Pikel
  3211 | D:3      | Reached XP level 8. HP: 48/67 MP: 10/12
  3521 | D:4      | You fall into a shaft and drop 1 floor!
  3521 | D:5      | Entered Level 5 of the Dungeon
  3600 | D:5      | Reached *** piety under Lugonu
  3938 | D:4      | You fall into a shaft and drop 1 floor!
  4443 | D:4      | Noticed Grinder
  4471 | D:4      | Killed Grinder
  4606 | D:4      | Found an opulent altar of Gozag.
  4607 | D:4      | Found a blossoming altar of Fedhas.
  4840 | D:5      | Reached XP level 9. HP: 72/72 MP: 14/14
  5076 | D:6      | Found Nos Boisum's Armour Shop.
  5099 | D:6      | Found a burning altar of Makhleb.
  5119 | D:6      | Reached **** piety under Lugonu
  5532 | D:6      | Found a staircase to the Ecumenical Temple.
  5567 | D:6      | Reached skill level 5 in Dodging
  5603 | D:6      | Found a shimmering altar of Xom.
  5781 | D:7      | Found Turoh's Distillery.
  5810 | D:7      | Found a radiant altar of Vehumet.
  7013 | D:8      | Reached XP level 10. HP: 79/80 MP: 17/17
  7079 | D:8      | Noticed a two-headed ogre
  7089 | D:8      | Killed a two-headed ogre
  7089 | D:8      | Reached skill level 5 in Short Blades
  7089 | D:8      | Reached skill level 5 in Long Blades
  7089 | D:8      | Reached skill level 5 in Maces & Flails
  7089 | D:8      | Reached skill level 5 in Polearms
  7089 | D:8      | Reached skill level 5 in Staves
  7089 | D:8      | Reached skill level 5 in Slings
  7089 | D:8      | Reached skill level 5 in Bows
  7089 | D:8      | Reached skill level 5 in Crossbows
  7089 | D:8      | Reached skill level 5 in Throwing
  7089 | D:8      | Reached skill level 5 in Stealth
  7089 | D:8      | Reached skill level 5 in Shields
  7089 | D:8      | Reached skill level 5 in Unarmed Combat
  7089 | D:8      | Reached skill level 5 in Spellcasting
  7089 | D:8      | Reached skill level 5 in Evocations
  7098 | D:8      | Noticed a two-headed ogre
  7109 | D:8      | Killed a two-headed ogre
  7109 | D:8      | Reached ***** piety under Lugonu
  7772 | D:8      | Found a white marble altar of Elyvilon.
  7871 | D:8      | Found an ornate altar of the Wu Jian Council.
  8007 | D:8      | Found a basalt altar of Yredelemnul.
  8210 | D:9      | Found an iron altar of Okawaru.
  8854 | D:9      | Found a staircase to the Lair.
  8949 | D:9      | Reached XP level 11. HP: 86/87 MP: 17/19
  9102 | D:9      | Noticed a five-headed hydra
  9115 | D:9      | Killed a five-headed hydra
  9115 | D:9      | Reached skill level 5 in Conjurations
  9115 | D:9      | Reached skill level 5 in Hexes
  9115 | D:9      | Reached skill level 5 in Summonings
  9115 | D:9      | Reached skill level 5 in Necromancy
  9115 | D:9      | Reached skill level 5 in Translocations
  9115 | D:9      | Reached skill level 5 in Transmutations
  9115 | D:9      | Reached skill level 5 in Fire Magic
  9115 | D:9      | Reached skill level 5 in Ice Magic
  9115 | D:9      | Reached skill level 5 in Air Magic
  9115 | D:9      | Reached skill level 5 in Earth Magic
  9115 | D:9      | Reached skill level 5 in Poison Magic
  9610 | Lair:1   | Entered Level 1 of the Lair of Beasts
  9806 | Lair:1   | You fall into a shaft and drop 1 floor!
  9841 | Lair:2   | Noticed an oklob plant
 11290 | Lair:2   | Noticed a catoblepas
 11311 | Lair:2   | Killed a catoblepas
 11631 | Lair:2   | Found a hide-covered altar of Uskayaw.
 11822 | Lair:2   | Reached XP level 12. HP: 88/96 MP: 19/22
 12127 | Lair:3   | Upgraded the game from 0.26-a0-576-gcfaa98f945 to
                  | 0.26-a0-591-g04f19ec95a
 12140 | Lair:3   | Found a staircase to the Swamp.
 12815 | Lair:3   | Noticed Urug
 12834 | Lair:3   | Killed Urug
 13079 | Lair:3   | Found a runed translucent gate.
 13079 | Lair:3   | Found a runed translucent gate.
 13079 | Lair:3   | Found a runed translucent gate.
 13080 | Lair:3   | Noticed Fyemolisk's ghost (journeyman KoGl)
 13325 | Lair:3   | Demolished by a six-headed hydra simulacrum

Illustrated notes

Levels and vault maps discovered:
D:1:      dpeg_arrival_water_temple_mockup, layout_basic
D:2:      layout_loops_corners, overflow_temple_1_default, ashenzari_altar_1,
          uniq_natasha
D:3:      layout_basic, zin_purify, old_standard_altar, gammafunk_ghost_grave,
          uniq_sigmund, uniq_jessica, uniq_robin
D:4:      layout_loops_cross, gammafunk_temple_overflow_statue, uniq_pikel,
          uniq_grinder
D:5:      lemuel_ratsnest, layout_gridville
D:6:      layout_basic, demons_altar, kennysheep_mini_moat,
          minmay_temple_entry_junction, serial_shops, nicolae_shop_behind_doors,
          serial_undead, serial_undead_a, serial_undead_b, serial_undead_c,
          serial_undead_f, roderic_roman_lattice, minmay_unpleasant_kobolds
D:7:      layout_layer_cave, overflow_temple_1_default, serial_shops,
          shop_fountains
D:8:      layout_loops_ring, elyvilon_altar_1, marbit_many_paths,
          lemuel_coloured_pillars_altar
D:9:      layout_irregular_city, okawaru_gym_becter, erik_lair_orcish_takeover
Lair:1:   layout_regular_city, pond
Lair:2:   beast_lair_carwin_large_4, layout_chaotic_city, serial_bayou_pond_d,
          eino_small_chamber_without_monster, lemuel_oklob_altar
Lair:3:   layout_roguey, minmay_swamp_entry_wisps, gammafunk_ghost_necromancy,
          serial_bayou_shore_b, uniq_urug

Skill      XL: |  1  2  3  4  5  6  7  8  9 10 11 12 |
---------------+-------------------------------------+-----
Short Blades   | 1 2 3 4 5 6 7 |  7.2
Long Blades    | 1 2 3 4 5 6 7 |  7.2
Maces & Flails | 1 2 3 4 5 6 7 |  7.2
Polearms       | 1 2 3 4 5 6 7 |  7.2
Staves         | 1 2 3 4 5 6 7 |  7.2
Slings         | 1 2 3 4 5 6 7 |  7.2
Bows           | 1 2 3 4 5 6 7 |  7.2
Crossbows      | 1 2 3 4 5 6 7 |  7.2
Throwing       | 1 2 3 4 5 6 7 |  7.2
Stealth        | 1 2 3 4 5 6 7 |  7.2
Shields        | 1 2 3 4 5 6 7 |  7.2
Unarmed Combat | 1 2 3 4 5 6 7 |  7.2
Spellcasting   | 1 2 3 4 5 6 7 |  7.2
Evocations     | 1 2 3 4 5 6 7 |  7.2
Conjurations   | 1 2 3 4 5 6 |  6.0
Hexes          | 1 2 3 4 5 6 |  6.0
Summonings     | 1 2 3 4 5 6 |  6.0
Necromancy     | 1 2 3 4 5 6 |  6.0
Translocations | 1 2 3 4 5 6 |  6.0
Transmutations | 1 2 3 4 5 6 |  6.0
Fire Magic     | 1 2 3 4 5 6 |  6.0
Ice Magic      | 1 2 3 4 5 6 |  6.0
Air Magic      | 1 2 3 4 5 6 |  6.0
Earth Magic    | 1 2 3 4 5 6 |  6.0
Poison Magic   | 1 2 3 4 5 6 |  6.0
Dodging        | 3 4 5 6 7 |  7.7
Axes           | 5 6 7 8 |  8.7
Armour         | 5 6 7 8 |  8.7
Invocations    | 5 6 7 8 9 |  9.2
Fighting       | 7 8 9 |  9.8

Action                   |  1- 3 |  4- 6 |  7- 9 | 10-12 || total
-------------------------+-------+-------+-------+-------++-------
Melee: Hand axe          |    40 |       |       |       ||    40
       Bite              |     8 |    15 |    60 |    84 ||   167
       Short sword       |    23 |   114 |   489 |   721 ||  1347
       Unarmed           |       |     3 |       |       ||     3
       Punch             |       |     1 |       |       ||     1
Throw: Boomerang         |       |       |       |     2 ||     2
Invok: Depart the Abyss  |     1 |       |       |       ||     1
       Bend Space        |       |       |     3 |     1 ||     4
Evoke: Wand              |       |       |       |     4 ||     4
  Use: Scroll            |     5 |     2 |    12 |    10 ||    29
       Potion            |     1 |       |       |     2 ||     3
 Stab: Sleeping          |     1 |       |       |       ||     1
       Petrified         |       |       |       |     2 ||     2
Armor: Leather armour    |    14 |       |       |       ||    14
       Chain mail        |    17 |    60 |   263 |   378 ||   718
Dodge: Dodged            |    35 |    34 |   218 |   327 ||   614
Block: Buckler           |       |    14 |   113 |   178 ||   305

Table legend: (Time is in decaauts)
 A = Elapsed time spent in this place.
 B = Non-inter-level travel time spent in this place.
 C = Inter-level travel time spent in this place.
 D = Time resting spent in this place.
 E = Time spent auto-exploring this place.
 F = Levels seen in this place.
 G = Mean time per level.
                   A        B        C        D        E       F      G
               +--------+--------+--------+--------+--------+-----+--------+
         Total |  13145 |  12892 |    253 |   1968 |   8151 |  14 |  938.9 |
       Dungeon |   9470 |   9305 |    165 |   1419 |   5850 |   9 | 1052.2 |
          Lair |   3632 |   3545 |     87 |    549 |   2273 |   3 | 1210.7 |
         Abyss |     42 |     42 |      0 |      0 |     28 |   2 |   21.0 |
               +--------+--------+--------+--------+--------+-----+--------+

Top non-repeatable levels by time:
     D:8: 1504 daAuts
  Lair:1: 1455 daAuts
     D:3: 1404 daAuts
     D:2: 1211 daAuts
  Lair:3: 1186 daAuts
     D:9: 1073 daAuts
     D:6: 1064 daAuts
  Lair:2: 990 daAuts
     D:7: 971 daAuts
     D:5: 826 daAuts
     D:4: 792 daAuts
     D:1: 620 daAuts
 Abyss:2: 38 daAuts
 Abyss:1: 4 daAuts
